 Dungeon Crawl Stone Soup version 0.29.1-13-g9f3cf754e1 (webtiles) character file.

Game seed: 2055863758573171534

125 Thatpatchoflichen the Trooper (level 5, -3/55 HPs)
             Began as an Ogre Fighter on Jan 31, 2023.
             Slain by a gnoll
             ... wielding a +0 halberd
              (5 damage)
             ... on level 4 of the Dungeon.
             The game lasted 00:06:47 (4563 turns).

Thatpatchoflichen the Trooper (Ogre Fighter)        Turns: 4563, Time: 00:06:48

Health: -3/55      AC:  5    Str: 20    XL:     5   Next: 9%
Magic:  0/5        EV:  9    Int:  9    God:
Gold:   193        SH:  7    Dex: 10    Spells: 4/4 levels left

rFire   . . .      SeeInvis .   a - +0 long sword
rCold   . . .      Faith    .   c - +0 kite shield
rNeg    + . .      Spirit   +   b - +0 robe
rPois   .          Reflect  .   (helmet restricted)
rElec   .          Harm     .   r - +1 cloak
rCorr   .          Rampage  .   (gloves unavailable)
Will    .....                   (boots unavailable)
Stlth   +.........              j - amulet of guardian spirit
HPRegen 0.18/turn               h - ring of positive energy
MPRegen 0.09/turn               (no ring)

@: no status effects
A: large, unfitting armour, tough skin 1
a: no special abilities


You were on level 4 of the Dungeon.
You visited 1 branch of the dungeon, and saw 5 of its levels.

You collected 193 gold pieces.

Inventory:

Hand Weapons
 a - a +0 long sword (weapon)
Missiles
 q - 4 boomerangs (quivered)
Armour
 b - a +0 robe (worn)
 c - a +0 kite shield (worn)
 r - a +1 cloak (worn)
Jewellery
 h - a ring of positive energy (left hand)
 j - an amulet of guardian spirit (around neck)
Scrolls
 i - a scroll of fear {unknown}
 k - 3 scrolls of teleportation {unknown}
 l - 2 scrolls of identify {unknown}
 m - a scroll of silence {unknown}
 n - a scroll of noise {unknown}
Potions
 d - a potion of might
 e - 2 potions of heal wounds {unknown}
 f - 3 potions of degeneration {unknown}
 o - a potion of mutation {unknown}
 p - a potion of invisibility {unknown}


   Skills:
 + Level 4.9 Fighting
 + Level 2.6 Long Blades
 * Level 3.7 Dodging
 + Level 3.6 Shields


You had 4 spell levels left.
You didn't know any spells.
Your spell library contained the following spells:

 Spells                   Type           Power      Damage    Failure   Level
 Apportation              Tloc           0%         N/A       67%         1
 Foxfire                  Conj/Fire      0%         2x1d4     67%         1
 Necrotise                Necr           0%         1d4       67%         1
 Summon Small Mammal      Summ           0%         N/A       67%         1
 Call Canine Familiar     Summ           0%         N/A       96%         3
 Conjure Flame            Conj/Fire      0%         6-21      96%         3
 Inner Flame              Hex/Fire       0%         N/A       96%         3
 Summon Guardian Golem    Hex/Summ       0%         N/A       96%         3
 Flame Wave               Conj/Fire      0%         2d4       100%        4


Dungeon Overview and Level Annotations

Branches:
Dungeon (5/15)
 Temple: D:4-7

Altars:
Dithmenos
Hepliaklqana

Annotations:
D:2 Sigmund
D:4 2 transporters, javelincjr's ghost, amateur DrEE


Innate Abilities, Weirdness & Mutations

You are too large for most types of armour.
You have tough skin. (AC +1)


Message History

You barely miss the gnoll.
The gnoll is moderately wounded.
A gnoll comes into view. It is wielding a +0 whip.
You block the gnoll's attack. The gnoll hits you but does no damage.
You barely miss the gnoll.
The gnoll is moderately wounded.
The gnoll shouts!
You hear a shout!
The gnoll hits you with a +0 spear.
You slash the gnoll!
The gnoll is severely wounded.
You block the gnoll's attack.
You barely miss the gnoll.
The gnoll hits you from afar with a +0 spear.
You hit the gnoll.
The gnoll is heavily wounded.
The gnoll hits you from afar with a +0 spear.
The gnoll hits you with a +0 whip. The gnoll hits you with a +0 spear.
The gnoll hits you with a +0 halberd!
You hit the gnoll but do no damage.
The gnoll is heavily wounded.
The gnoll barely misses you. The gnoll hits you with a +0 spear.
The gnoll barely misses you. The gnoll hits you but does no damage.
The gnoll barely misses you. The gnoll completely misses you.
You barely miss the gnoll.
The gnoll is heavily wounded.
The gnoll hits you but does no damage. x2; You block the gnoll's attack.
You hit the gnoll.
The gnoll is almost dead.
The gnoll hits you with a +0 whip. The gnoll hits you but does no damage.
The gnoll hits you with a +0 halberd!
* * * LOW HITPOINT WARNING * * *
The gnoll hits you with a +0 whip.
* * * LOW HITPOINT WARNING * * *
You block the gnoll's attack. The gnoll closely misses you.
You closely miss the gnoll.
The gnoll is almost dead.
You block the gnoll's attack. The gnoll hits you with a +0 spear.
* * * LOW HITPOINT WARNING * * *
The gnoll hits you with a +0 halberd.
You die...

. #####.g.......###
.g..#.........#..##
..........#####..#
.......#######...##
.......
..##......##
.......
.....##....###
......#
#....####....##
.....# #g..#
###...### .####
#@..# ##....##
#gg.# ###...#
#####..## ###).
####......# ##.
.......)..# ##
..........#
..........##
............#
..........>.#


You could see 3 gnolls.

Vanquished Creatures
  An iguana (D:4)
  A gnoll (D:4)
  3 adders
  3 worms (D:2)
  2 orcs
  A ball python (D:1)
  8 endoplasms
  4 giant cockroaches
  4 goblins
  2 hobgoblins
  6 jackals
  7 bats
  2 frilled lizards
  A kobold (D:1)
  4 rats
49 creatures vanquished.

Notes
Turn   | Place    | Note
-------+----------+-------------------------------------------
     0 | D:1      | Thatpatchoflichen the Ogre Fighter began the quest for the
                  | Orb.
     0 | D:1      | Reached XP level 1. HP: 24/24 MP: 1/1
   265 | D:1      | Reached XP level 2. HP: 32/32 MP: 2/2
   590 | D:1      | Found a faded altar of an unknown god.
   595 | D:1      | Got Plato's Compendium of Profane Arts
  1205 | D:2      | Reached XP level 3. HP: 40/40 MP: 3/3
  1880 | D:2      | You fall into a shaft and drop 1 floor!
  1998 | D:2      | Noticed Sigmund
  2047 | D:2      | HP: 2/40 [Sigmund/puff of flame (8)]
  2630 | D:3      | HP: 2/40 [poisoned by an adder]
  2983 | D:3      | Reached XP level 4. HP: 48/49 MP: 4/4
  3830 | D:4      | Noticed javelincjr's ghost (amateur DrEE)
  3831 | D:4      | Found a transporter.
  3832 | D:4      | Noticed a scorpion
  4049 | D:4      | Found a hazy altar of Hepliaklqana.
  4062 | D:4      | Found a shadowy altar of Dithmenos.
  4062 | D:4      | Noticed a shadow
  4082 | D:4      | Found a transporter.
  4398 | D:4      | Reached XP level 5. HP: 46/55 MP: 2/5
  4542 | D:5      | Entered Level 5 of the Dungeon
  4563 | D:4      | HP: 2/55 [gnoll/+0 spear (3)]
  4563 | D:4      | Slain by a gnoll

Illustrated notes

Levels and vault maps discovered:
D:1:      sevenhm_arrival_forest_fort_large_4, layout_loops_ring, serial_forest,
          infiniplex_forest_lined_room_2, infiniplex_forest_lined_room_2,
          infiniplex_forest_lined_room_2, infiniplex_forest_clump_curved,
          infiniplex_forest_pool, infiniplex_forest_clump_large,
          infiniplex_forest_clump_double, shapermc_ecumenical_altar_rom_forum,
          minmay_pentomino_x2
D:2:      layout_loops_corners, uniq_sigmund
D:3:      layout_basic
D:4:      layout_cave_pods, riverfiend_overflow_shadow_ancestor,
          gammafunk_ghost_arena
D:5:      layout_cave_pools, lemuel_round_altar, nicolae_vehumet_altar_sigil,
          serial_shops, nicolae_shop_stone

Skill      XL: |  1  2 |
---------------+-------+-----
Long Blades    | 2 |  2.6
Dodging        | 3 |  3.7
Fighting       | |  4.9
Shields        | |  3.6

Action                   |  1- 3 |  4- 6 || total
-------------------------+-------+-------++-------
Melee: Long sword        |   126 |    57 ||   183
Armor: Robe              |    78 |    19 ||    97
Dodge: Dodged            |    60 |    24 ||    84
Block: Kite shield       |    58 |    22 ||    80
